Map: Traitor's Exile

Players

ILIEKEGGPIE

  • Race: Protoss Protoss
  • League: Platinum
  • Spawn Location: 5:00

Dragnor

  • Race: Terran Terran
  • Spawn Location: 6:00

HankoBrat

  • Race: Terran Terran
  • League: Platinum
  • Spawn Location: 12:00

Valio

  • Race: Protoss Protoss
  • League: Diamond
  • Spawn Location: 9:00

VOD

Have the link to the VOD?

Description

Time

  • Played on: April 27, 2018, 12:31 p.m.
  • Length: 11:50
Show
View Real Time Build Order
Export as new Build Order

ILIEKEGGPIE Protoss 

Build Orders: Dark Templar Rush 

Get SALT Encoding   

  12  0:01  Probe  
  13  0:15  Probe  
  14  0:22  Pylon  
  14  0:27  Probe  
  15  0:42  Gateway  
  15  0:44  Probe  
  15  0:47  Assimilator  
  16  0:53  Probe  
  17  1:05  Assimilator  
  17  1:09  Probe  
  17  1:11  Gateway  
  18  1:21  Probe  
  19  1:29  Cybernetics Core  
  19  1:33  Probe  
  19  1:35  Pylon  
  20  1:45  Probe  
  21  1:57  Probe  
  21  2:01  Warp Gate  
  22  2:06  Gateway  
  22  2:07  Adept  
  22  2:10  Twilight Council  
  24  2:38  Robotics Facility  
  24  3:03  Dark Shrine  
  24  3:07  Pylon  
  24  3:25  Warp Prism  
  26  3:35  Stalker  
  28  4:02  Gateway x2  
  28  4:11  Stalker x2  
  32  4:21  Dark Templar  
  28  5:05  Dark Templar x2  
  32  5:25  Stalker x2  
  36  5:43  Nexus  
  29  5:59  Observer  
  29  6:03  Pylon  
  30  6:13  Probe  
  31  6:21  Probe  
  31  6:31  Probe, Dark Templar  
  34  6:33  Zealot  
  37  6:43  Probe  
  36  7:14  Probe  
  36  7:17  Probe  
  38  7:22  Probe  
  38  7:25  Forge  
  38  7:29  Probe  
  40  7:31  Probe  
  41  7:42  Probe  
  41  7:43  Probe  
  43  7:46  Stalker  
  43  7:47  Stalker x2  
  49  7:54  Probe  
  50  8:16  Probe  
  51  8:20  Probe  
  51  8:24  Probe  
  49  8:32  Probe  
  45  8:50  Photon Cannon  
  43  9:42  Stalker x2  
  43  9:43  Stalker  
  47  10:10  Probe x2  
  47  10:22  Probe  
  31  10:34  Observer  
  24  10:51  Probe x2  
  24  10:56  Stalker  
  28  10:57  Stalker, Zealot x2  
  28  11:03  Probe x2  
  34  11:15  Probe  
  28  11:30  Dark Templar  
Show
View Real Time Build Order
Export as new Build Order

Dragnor Terran 

Build Orders:  

Get SALT Encoding   

  12  0:09  SCV  
  13  0:21  SCV  
  14  0:33  Supply Depot  
  14  0:35  SCV  
  15  0:46  Refinery  
  15  0:55  SCV  
  16  0:58  Barracks  
  15  1:07  SCV  
  16  1:11  Refinery  
  16  1:19  SCV  
  17  1:31  SCV  
  17  1:32  Barracks  
  18  1:43  SCV  
  19  1:55  SCV  
  19  1:56  Marine  
  21  2:08  SCV  
  22  2:16  Marine  
  23  2:28  Supply Depot  
  23  2:31  Orbital Command  
  23  2:36  Factory  
  23  2:41  Factory  
  23  2:46  Barracks Reactor  
  23  2:51  Marine  
  23  2:56  Supply Depot  
  24  3:11  SCV  
  25  3:13  Marine  
  26  3:28  Supply Depot  
  26  3:35  Cyclone  
  29  3:42  Cyclone  
  32  3:55  Engineering Bay, SCV  
  33  4:01  Marine, Cyclone  
  33  4:02  Marine  
  38  4:14  Cyclone  
  41  4:24  Marine  
  41  4:26  Barracks Tech Lab  
  42  4:58  Cyclone  
  45  5:01  Marine x2  
  47  5:08  Cyclone  
  47  5:10  Supply Depot  
  47  5:13  Supply Depot  
  50  5:19  Marine x2  
  49  5:36  Marine  
  46  5:52  Cyclone x3  
  45  6:24  Cyclone  
  35  6:42  Barracks Tech Lab  
  35  6:43  Marauder, Concussive Shells  
  37  6:55  Factory Tech Lab  
  37  6:56  SCV  
  37  6:59  Widow Mine x2  
  42  7:03  Command Center  
  42  7:04  Marauder  
  42  7:05  Command Center  
  44  7:19  Stimpack  
  44  7:21  SCV  
  45  7:27  Siege Tank  
  34  8:21  Orbital Command  
  34  8:24  Refinery, Hellion x2  
  38  8:46  Hellion x2  
  42  9:07  Hellion x2, SCV  
  47  9:16  Orbital Command  
  37  9:19  Factory Tech Lab  
  32  9:43  SCV  
  33  9:55  SCV  
  33  9:57  Siege Tank  
  33  9:59  Marauder  
  41  10:00  Marauder  
  41  10:03  SCV  
  42  10:07  SCV  
  43  10:18  Widow Mine x2  
  43  10:21  Marauder x2  
  43  10:42  Marauder x2  
  47  10:47  Barracks  
  43  11:04  Marauder x2  
  39  11:08  Siege Tank  
  39  11:24  Barracks  
  39  11:26  Barracks x2  
  39  11:28  Barracks  
  39  11:29  Barracks  
Show
View Real Time Build Order
Export as new Build Order

HankoBrat Terran 

Build Orders:  

Get SALT Encoding   

  12  0:02  SCV  
  13  0:14  SCV  
  13  0:19  Supply Depot  
  14  0:26  SCV  
  15  0:40  SCV  
  15  0:42  Barracks  
  16  0:53  SCV  
  17  1:03  Refinery  
  17  1:05  SCV  
  18  1:24  SCV  
  19  1:34  Marine  
  20  1:45  Orbital Command  
  20  1:46  Supply Depot  
  19  1:56  Marine  
  20  2:05  Command Center  
  20  2:10  Factory  
  20  2:20  SCV  
  20  2:21  Marine  
  22  2:32  Refinery, SCV  
  23  2:46  Marine  
  24  2:53  Hellion  
  26  2:59  Starport, SCV  
  27  3:06  Marine  
  27  3:11  SCV  
  29  3:14  Hellion  
  29  3:16  Supply Depot  
  31  3:20  Barracks  
  31  3:28  Orbital Command  
  31  3:33  SCV  
  32  3:41  Medivac  
  34  3:49  Hellion  
  34  3:53  SCV  
  37  3:57  SCV  
  38  4:05  SCV  
  38  4:09  SCV, Barracks Tech Lab  
  40  4:15  Engineering Bay  
  40  4:22  Factory Tech Lab  
  40  4:23  Starport Tech Lab  
  40  4:35  SCV  
  40  4:36  SCV  
  42  4:38  Refinery  
  42  5:03  SCV  
  42  5:04  SCV  
  42  5:05  Banshee, Siege Tank  
  42  5:06  Cloaking Field  
  50  5:07  Terran Infantry Weapons Level 1  
  50  5:09  Engineering Bay  
  50  5:14  Armory  
  50  5:15  SCV  
  50  5:17  Refinery  
  46  5:29  Marine  
  46  5:30  Marauder  
  44  5:47  Marine  
  29  6:03  SCV  
  30  6:07  Missile Turret  
  30  6:08  Banshee  
  33  6:15  SCV  
  33  6:16  Orbital Command  
  34  6:25  Terran Vehicle Weapons Level 1, Terran Infantry Armor Level 1  
  20  7:02  SCV  
  20  7:05  Missile Turret  
    9:31  Orbital Command  
    9:57  SCV  
  1  10:07  Marine x2  
  1  10:09  SCV  
  1  10:12  Missile Turret  
  4  10:25  SCV  
  5  10:37  SCV  
  6  10:44  Refinery  
  6  10:45  Factory Tech Lab  
  6  10:49  SCV, Barracks Tech Lab x2  
  7  11:00  Command Center  
  7  11:01  SCV  
  11  11:04  Siege Tank  
  11  11:13  SCV  
  11  11:14  Refinery  
  11  11:16  Marauder  
  14  11:20  Supply Depot  
  14  11:25  SCV  
  14  11:28  Supply Depot  
Show
View Real Time Build Order
Export as new Build Order

Valio Protoss 

Build Orders: 1 Gate Expand 

Get SALT Encoding   

  12  0:00  Probe  
  13  0:16  Pylon  
  13  0:19  Probe  
  14  0:31  Probe  
  15  0:39  Gateway  
  15  0:43  Probe  
  16  0:53  Assimilator  
  16  0:55  Probe  
  17  1:07  Probe  
  18  1:19  Probe  
  19  1:31  Probe  
  20  1:38  Nexus  
  20  1:43  Probe  
  21  1:51  Cybernetics Core  
  21  1:55  Probe  
  22  2:07  Probe  
  23  2:10  Warp Gate  
  23  2:13  Pylon  
  23  2:25  Probe  
  23  2:29  Zealot  
  23  2:35  Gateway  
  25  2:37  Probe  
  25  2:41  Assimilator  
  26  2:48  Stalker  
  26  2:49  Pylon  
  26  2:50  Probe  
  27  2:55  Probe  
  30  3:01  Pylon  
  30  3:02  Probe  
  31  3:07  Probe  
  31  3:08  Stalker  
  32  3:18  Probe  
  35  3:21  Probe  
  35  3:24  Sentry  
  38  3:36  Gateway  
  38  3:42  Twilight Council  
  38  3:43  Probe x2  
  40  3:55  Probe x2  
  42  4:05  Charge  
  42  4:07  Probe x2  
  42  4:08  Forge  
  44  4:19  Probe  
  44  4:20  Probe  
  44  4:23  Zealot x2  
  50  4:31  Probe  
  51  4:45  Protoss Ground Weapons Level 1  
  43  4:53  Zealot x3  
  43  4:56  Probe x2  
  43  4:59  Assimilator  
  51  5:02  Pylon  
  51  5:04  Photon Cannon  
  51  5:08  Probe x2  
  51  5:14  Gateway  
  53  5:19  Pylon  
  53  5:20  Probe x2  
  53  5:21  Stargate  
  55  5:23  Pylon  
  55  5:25  Zealot  
  55  5:26  Zealot x2  
  61  5:32  Probe x2  
  53  5:46  Zealot x2  
  53  5:47  Zealot  
  53  5:48  Probe x2  
  61  6:02  Probe  
  61  6:03  Probe  
  59  6:07  Zealot x3  
  59  6:14  Probe  
  59  6:15  Probe  
  59  6:18  Zealot  
  59  6:21  Phoenix  
  61  6:34  Probe x2  
  63  6:45  Phoenix  
  63  6:46  Probe  
  63  6:47  Probe  
  67  6:49  Zealot  
  67  6:50  Zealot x3  
  75  6:58  Probe  
  75  6:59  Probe  
  77  7:05  Pylon  
  77  7:07  Photon Cannon  
  77  7:09  Shield Battery  
  77  7:10  Zealot x2  
  77  7:11  Zealot, Probe x2  
  85  7:20  Protoss Ground Weapons Level 2  
  85  7:23  Probe x2  
  85  7:29  Phoenix  
  89  7:35  Probe x2  
  91  7:39  Pylon, Photon Cannon  
  91  7:40  Shield Battery  
  77  7:54  Phoenix  
  73  8:08  Zealot x4  
  81  8:15  Robotics Facility  
  81  8:19  Phoenix, Gateway, Probe x2  
  85  8:20  Gateway  
  85  8:23  Gateway  
  85  8:24  Pylon  
  85  8:26  Pylon  
  85  8:28  Zealot  
  85  8:29  Zealot x2  
  85  8:30  Zealot  
  85  8:31  Probe  
  94  8:37  Dark Shrine  
  94  9:15  Probe x2  
  96  9:19  Warp Prism  
  98  9:25  Zealot  
  98  9:26  Zealot x3  
  98  9:27  Probe  
  98  9:28  Probe  
  92  9:48  Observer  
  90  9:55  Probe x2  
  93  10:01  Zealot x3  
  93  10:02  Zealot  
  93  10:03  Zealot x2  
  105  10:19  Nexus  
  105  10:21  Pylon  
  105  10:23  Pylon  
  105  10:25  Zealot  
  105  10:26  Zealot x3, Pylon  
  105  10:27  Zealot x2  
  105  10:52  Dark Templar x2  
  105  10:53  Dark Templar  
  105  11:17  Zealot x4  
  109  11:28  Zealot x2  
  109  11:29  Zealot  
  115  11:33  Probe x2  
  117  11:45  Zealot  
Tags
 
Add a new tag
Caveats
  • Supply blocks, unpowered buildings, or Contaminate may cause inaccurate times.
  • Supply counts are checked every 10 seconds.